 Dungeon Crawl Stone Soup version 0.21-a0-41-g5e91fef (webtiles) character file.

76 blackwizard the Caller (level 4, -1/39 HPs)
             Began as a Troll Summoner on June 4, 2017.
             Was an Initiate of Makhleb.
             Slain by an iron imp (12 damage)
             ... summoned by Natasha
             ... on level 2 of the Dungeon.
             The game lasted 00:09:40 (1763 turns).

blackwizard the Caller (Troll Summoner)             Turns: 1763, Time: 00:09:41

Health: -1/39      AC:  5    Str: 16    XL:     4   Next: 12%
Magic:  5/5        EV: 10    Int: 12    God:    Makhleb [......]
Gold:   124        SH:  0    Dex: 10    Spells: 2/6 levels left

rFire    . . .     SeeInvis .   e - -2 short sword (curse)
rCold    . . .     Gourm    +   (no shield)
rNeg     . . .     Faith    .   a - +0 robe
rPois    .         Spirit   .   (helmet restricted)
rElec    .         Reflect  .   (no cloak)
rCorr    .         Harm     .   (gloves unavailable)
MR       .....                  (boots unavailable)
Stlth    +.........             (no amulet)
Regen    0.6/turn               (no ring)
MPRegen  0.1/turn               (no ring)

@: slowed, very slow
A: unfitting armour, claws 3, fast metabolism 3, gourmand, regeneration 1,
shaggy fur 1, tough skin 2
a: Renounce Religion


You were on level 2 of the Dungeon.
You worshipped Makhleb.
Makhleb was noncommittal.
You were not hungry.

You visited 1 branch of the dungeon, and saw 2 of its levels.

You collected 124 gold pieces.

Inventory:

Hand Weapons
 d - a +0 whip
 e - a cursed -2 short sword (weapon)
 k - a +0 club
Missiles
 g - 39 sling bullets
 i - 65 stones (quivered)
 p - 31 bolts
Armour
 a - a +0 robe (worn)
Scrolls
 f - a scroll of remove curse {unknown}
 h - 5 scrolls of fear {unknown}
 j - a scroll of magic mapping {unknown}
 n - 2 scrolls of identify {unknown}
 q - 2 scrolls of teleportation {unknown}
Potions
 m - 2 potions of brilliance {unknown}
 o - 2 potions of heal wounds {unknown}
 r - 2 potions of cancellation {unknown}
Books
 b - a book of Callings

   Spells                             Type                      Level
   a - Summon Small Mammal            Summoning                    1
   b - Call Imp                       Summoning                    2
   c - Call Canine Familiar           Summoning                    3
   d - Summon Guardian Golem          Hexes/Summoning              3
   e - Summon Lightning Spire         Summoning/Air                4
   f - Summon Ice Beast               Ice/Summoning                4
Comestibles
 s - a meat ration


   Skills:
 + Level 0.2 Fighting
 + Level 1.9 Dodging
 + Level 1.2 Stealth
 + Level 1.7 Unarmed Combat
 + Level 1.6 Spellcasting
 + Level 3.3 Summonings


You had 2 spell levels left.
You knew the following spells:

 Your Spells              Type           Power        Failure   Level  Hunger
a - Summon Small Mammal   Summ           #...         8%          1    ##.....
b - Call Canine Familiar  Summ           #.......     22%         3    ####...


Dungeon Overview and Level Annotations

Branches:
Dungeon (2/15)

Altars:
Makhleb

Annotations:
D:2 Natasha


Innate Abilities, Weirdness & Mutations

You are too large for most types of armour.
You have claws for hands.
Your metabolism is lightning-fast.
You like to eat raw meat.
Your natural rate of healing is unusually fast.
You are covered in fur. (AC +1)
You have very tough skin. (AC +2)


Message History

Natasha barely misses you.
You barely miss Natasha.
Natasha is heavily wounded.
The iron imp hits you. Natasha barely misses you.
You miss Natasha.
Natasha is heavily wounded.
The iron imp hits you! Natasha claws you.
You closely miss Natasha.
Natasha is heavily wounded.
Natasha claws you but does no damage. The iron imp barely misses you.
You hit Natasha.
Natasha is severely wounded.
Natasha claws you!
* * * LOW HITPOINT WARNING * * *
The iron imp barely misses you.
You hit Natasha.
Natasha is almost dead.
Natasha casts a spell at you.
You feel yourself slow down. The iron imp hits you!
You die...

##...## #.#
#.##.#
##+##
#.####.##.#
#.........#
######.####
#.# #.# #.#
#.#######.#
......h@5!#
#.#########


You could see an iron imp and Natasha.

Vanquished Creatures
  3 adders
  2 oozes (D:1)
  3 dart slugs (D:1)
  A worm (D:2)
  A leopard gecko (D:2)
  A giant cockroach (D:1)
  4 goblins
  6 hobgoblins (D:1)
  3 jackals (D:1)
  A ball python (D:1)
  2 bats (D:1)
  2 frilled lizards (D:1)
  2 kobolds (D:1)
  2 rats
33 creatures vanquished.

Vanquished Creatures (collateral kills)
  A leopard gecko (D:1)
  A giant cockroach (D:2)
  A jackal (D:1)
  A bat (D:2)
  A kobold (D:1)
  2 rats (D:1)
7 creatures vanquished.

Grand Total: 40 creatures vanquished

Notes
Turn   | Place    | Note
-------+----------+-------------------------------------------
     0 | D:1      | blackwizard the Troll Summoner began the quest for the Orb.
     0 | D:1      | Reached XP level 1. HP: 16/16 MP: 1/1
     9 | D:1      | Reached skill level 3 in Summonings
    28 | D:1      | Reached XP level 2. HP: 24/24 MP: 2/2
   370 | D:1      | Reached skill level 1 in Unarmed Combat
   561 | D:1      | Reached XP level 3. HP: 31/31 MP: 2/4
  1227 | D:1      | Learned a level 3 spell: Call Canine Familiar
  1335 | D:2      | Found a burning altar of Makhleb.
  1337 | D:2      | Noticed a blizzard demon
  1342 | D:2      | Noticed a smoke demon
  1342 | D:2      | Noticed a ynoxinul
  1344 | D:2      | Became a worshipper of Makhleb the Destroyer
  1545 | D:2      | Reached XP level 4. HP: 37/39 MP: 1/5
  1749 | D:2      | Noticed Natasha
  1763 | D:2      | Slain by an iron imp

Vault maps used:
D:1:      minmay_arrival_semitransparent
D:2:      makhleb_altar_promises_db, uniq_natasha

Skill      XL: |  1  2 |
---------------+-------+-----
Summonings     | 3 |  3.3
Unarmed Combat | 1 |  1.7
Fighting       | |  0.2
Dodging        | |  1.9
Stealth        | |  1.2
Spellcasting   | |  1.6

Action                   |  1- 3 |  4- 6 || total
-------------------------+-------+-------++-------
Melee: Unarmed           |    68 |       ||    68
       Short sword       |    64 |    30 ||    94
 Cast: Summon Small Mamm |    26 |       ||    26
       Call Canine Famil |     3 |     1 ||     4
  Eat: Chunk             |     3 |     2 ||     5
       Bread ration      |     2 |       ||     2
       Royal jelly       |       |     1 ||     1
Armor: Robe              |    54 |    56 ||   110
Dodge: Dodged            |    90 |    73 ||   163
